 Dungeon Crawl Stone Soup version 0.24-a0-420-g24607be9ce (webtiles) character file.

Game seed: 11065599263666525248

6 wazuzu the Ogre Mage (level 1, -2/16 HPs)
             Began as an Ogre Wizard on June 11, 2019.
             Killed from afar by a dart slug (5 damage)
             ... with a slug dart
             ... on level 1 of the Dungeon.
             The game lasted 00:01:52 (247 turns).

wazuzu the Ogre Mage (Ogre Wizard)                   Turns: 247, Time: 00:01:53

Health: -2/16      AC:  6    Str: 10    XL:     1   Next: 90%
Magic:  0/5        EV: 10    Int: 19    God:
Gold:   5          SH:  0    Dex:  7    Spells: 6/7 levels left

rFire    . . .     SeeInvis .   (no weapon)
rCold    . . .     Gourm    .   (no shield)
rNeg     . . .     Faith    .   a - +0 robe
rPois    .         Spirit   .   b - +0 hat
rElec    .         Reflect  .   e - +2 cloak
rCorr    .         Harm     .   (gloves unavailable)
MR       .....                  (boots unavailable)
Stlth    +.........             (no amulet)
HPRegen  0.05/turn              (no ring)
MPRegen  0.09/turn              (no ring)

@: no status effects
A: large, unfitting armour, tough skin 1
a: no special abilities


You were on level 1 of the Dungeon.
You were not hungry.

You visited 1 branch of the dungeon, and saw 1 of its levels.

You collected 5 gold pieces.

Inventory:

Armour
 a - a +0 robe (worn)
 b - a +0 hat (worn)
 e - a +2 cloak (worn)
Jewellery
 c - a +2 ring of evasion {unknown}
Comestibles
 d - a ration


   Skills:
 - Level 1.7 Dodging
 - Level 1.4 Stealth
 + Level 3.8 Spellcasting
 * Level 1.4 Conjurations
   Level 0.8 Summonings
   Level 0.8 Translocations


You had 6 spell levels left.
You knew the following spells:

 Your Spells              Type           Power        Failure   Level  Hunger
z - Magic Dart            Conj           #...         8%          1    None

Your spell library contained the following spells:

 Spells                   Type           Power        Failure   Level  Hunger
 Blink                    Tloc           N/A          16%         2    ##.....
 Call Imp                 Summ           #.......     16%         2    ##.....
 Slow                     Hex            #.......     22%         2    ##.....
 Conjure Flame            Conj/Fire      #.......     32%         3    ###....
 Mephitic Cloud           Conj/Pois/Air  #.......     34%         3    ###....


Dungeon Overview and Level Annotations

Branches:
Dungeon (1/15)

Altars:


Innate Abilities, Weirdness & Mutations

You are too large for most types of armour.
You have tough skin. (AC +1)


Message History

You barely miss the jackal!
The jackal is almost dead!
The jackal bites you! * * * don't die
* * * You barely miss the jackal!
The jackal is almost dead!
The jackal closely misses you! The jackal barely misses you!
You squash the jackal but do no damage!
The jackal is almost dead!
The jackal bites you but does no damage!
Casting: Magic Dart (safe; 9% risk of failure)
Confirm with ! or Enter, or press ? or * to list all spells!
Aiming: Magic Dart (safe; 9% risk of failure)
Press: ? - help, Shift-Dir - straight line, f/p - jackal
Aim: a jackal (almost dead)
The magic dart hits the jackal!
You annihilate the jackal!!!
The dart slug launches a dart at you! The slug dart hits you! rip

.h #.# #.# #### .#...## .. #.#
#.# #.. ......# #h #.# #.# #.#
#.....#
#.#########.###.###.####.....##
#.#................†..........#
#...........<####.#..##.......#
...#.###.#.#### #.#..##.#.....#
####.##......#####.........>...#
.....##.....()w.@..............#
.######......###.###..##.###...#
...# #......# #.# #.....###..(#
.### #......# #.###...........#
.# #......# #.....#######..## .#
#.......##.###.# #..# .#
##########.# #.# #..###
.###############.# #.# #.....
.................# #.# #.....


You could see a dart slug.

Vanquished Creatures
  3 jackals (D:1)
  A kobold (D:1)
  A goblin (D:1)
5 creatures vanquished.

Notes
Turn   | Place    | Note
-------+----------+-------------------------------------------
     0 | D:1      | wazuzu the Ogre Wizard began the quest for the Orb.
     0 | D:1      | Reached XP level 1. HP: 16/16 MP: 5/5
    22 | D:1      | Reached skill level 1 in Conjurations
   247 | D:1      | Killed from afar by a dart slug

Levels and vault maps discovered:
D:1:      dpeg_arrival_tiny_a, layout_basic, minmay_lizard_king

Skill      XL: |  1 |
---------------+----+-----
Conjurations   | 1 |  1.4
Dodging        | |  1.7
Stealth        | |  1.4
Spellcasting   | |  3.8
Summonings     | |  0.8
Translocations | |  0.8

Action                   || total
-------------------------++-------
Melee: Unarmed           ||    13
Throw: Stone             ||    30
 Cast: Magic Dart        ||    16
Armor: Robe              ||    42
Dodge: Dodged            ||    45

Table legend:
 A = Non-vault XP
 B = Vault XP
 C = Vault XP percentage of total XP
 D = Non-vault monster count
 E = Vault monster count
 F = Vault count percentage of total count
                 A         B        C        D         E       F
            +---------+---------+-------+---------+---------+-------
      Total |       9 |       0 |   0.0 |       5 |       0 |   0.0
            +---------+---------+-------+---------+---------+-------
        D:1 |       9 |       0 |   0.0 |       5 |       0 |   0.0
            +---------+---------+-------+---------+---------+-------
